 Dungeon Crawl Stone Soup version 0.19-a0 (webtiles) character file.

18242 Zhenya25pyc the Basher (level 12, -7/69 HPs)
             Began as a Gargoyle Fighter on Apr 27, 2016.
             Was a High Priest of Lugonu.
             Mangled by a red ugly thing (13 damage)
             ... on level 11 of the Dungeon.
             The game lasted 00:40:50 (11818 turns).

Zhenya25pyc the Basher (Gargoyle Fighter)          Turns: 11818, Time: 00:40:51

Health: -7/69      AC: 32    Str: 23      XL:     12   Next: 56%
Magic:  17/17      EV:  7    Int: 10      God:    Lugonu [*****.]
Gold:   537        SH: 13    Dex:  7 (8)  Spells: 0 memorised, 11 levels left

rFire  . . .     SeeInvis .     z - +0 morningstar (crush)
rCold  . . .     Gourm    .     x - +0 chain mail
rNeg   + . .     Faith    .     c - +0 shield
rPois  ∞         Spirit   .     (no helmet)
rElec  +         Dismiss  .     u - +2 cloak {rPois}
rCorr  .         Reflect  .     (no gloves)
SustAt .         Harm     .     (no boots)
MR     +....                    (no amulet)
Stlth  ..........               w - +6 ring of protection
                                G - ring of protection from magic

@: somewhat resistant to hostile enchantments, extremely unstealthy
A: large bone plates 1, blurry vision 1, clumsy 1, deterioration 1, frail 1,
negative energy resistance 1, screaming 1, shaggy fur 1, electricity resistance,
unbreathing, petrification resistance, rot immunity, MP-powered wands, AC +8
a: Depart the Abyss, Bend Space, Banish, Corrupt, Enter the Abyss, Renounce
Religion


You were on level 11 of the Dungeon.
You worshipped Lugonu.
Lugonu was extremely pleased with you.
You were hungry.

You visited 2 branches of the dungeon, and saw 13 of its levels.

You collected 537 gold pieces.

Inventory:

Hand Weapons
 q - a +3 mace
 r - a +2 antimagic mace
 z - a +0 morningstar of crushing (weapon)
Armour
 c - a +0 shield (worn)
 u - a +2 cloak of poison resistance (worn)
 x - a +0 chain mail (worn)
 O - a +0 cloak
Jewellery
 s - an uncursed ring of fire
 w - a +6 ring of protection (right hand)
 G - a ring of protection from magic (left hand)
 Q - an uncursed ring of sustain attributes
Wands
 p - a wand of polymorph (5/24)
 y - a wand of slowing (30/48)
 A - a wand of lightning (1/15)
 E - a wand of lightning (8/15)
 F - a wand of digging (10/24)
 H - a wand of lightning (0/15)
 J - a wand of iceblast (8/15)
 R - a wand of disintegration (13/24)
Scrolls
 e - 3 scrolls of noise
 g - 3 scrolls of magic mapping
 i - 3 scrolls of immolation
 j - 6 scrolls of remove curse
 k - a scroll of identify
 l - 2 scrolls of teleportation
 C - 2 scrolls of fear
 D - a scroll of amnesia
Potions
 a - 3 potions of flight
 b - 3 potions of lignification
 d - 2 potions of might
 h - 5 potions of heal wounds
 n - 8 potions of curing
 t - 2 potions of agility
 v - a potion of brilliance
 B - a potion of degeneration {unknown}
 K - 2 potions of invisibility {unknown}
 L - a potion of mutation {unknown}
Comestibles
 f - 9 bread rations
 m - 3 meat rations
 o - 7 fruits
 I - 2 chunks of flesh
 N - 4 royal jellies


   Skills:
 + Level 9.9 Fighting
 * Level 12.4 Maces & Flails
 + Level 9.8 Armour
 + Level 10.0 Shields
 + Level 7.5 Invocations


You had 11 spell levels left.
You didn't know any spells.

Dungeon Overview and Level Annotations

Branches:
Dungeon (12/15)            Temple (1/1) D:5            Lair (0/8) D:10
    Orc (0/2) D:10

Altars:
Ashenzari
Cheibriados
Dithmenos
Elyvilon
Fedhas
Gozag
Kikubaaqudgha
Makhleb
Nemelex Xobeh
Okawaru
Pakellas
Qazlal
Ru
Sif Muna
Trog
Vehumet
Xom
Yredelemnul
Zin
The Shining One
Lugonu

Annotations:
D:6 1 exclusion
Abyss:1 Fannar


Innate Abilities, Weirdness & Mutations

You are resistant to torment.
Your stone body is resilient (AC +8).
You are immune to poison.
You resist negative energy.
You are resistant to electric shocks.
You can survive without breathing.
You are immune to petrification.
You are immune to rotting.
You are partially covered in large bone plates (AC +2, SH +2).
Scrolls take you a little longer to read.
You are clumsy. (Dex -2)
Your body sometimes deteriorates upon taking damage.
You are frail (-10% HP).
You occasionally shout uncontrollably at your foes.
You are covered in fur (AC +1).
You expend magic power (3 MP) to strengthen your wands.


Message History

You closely miss the red ugly thing.
The red ugly thing is heavily wounded.
You block the red ugly thing's attack.
You barely miss the red ugly thing.
The red ugly thing is heavily wounded.
You block the red ugly thing's attack.
You hit the red ugly thing.
The red ugly thing is heavily wounded.
The red ugly thing claws you but does no damage.
Your chain mail prevents you from hitting the red ugly thing.
The red ugly thing is heavily wounded.
You hit the red ugly thing.
The red ugly thing is severely wounded.
You block the red ugly thing's attack.
You hit the red ugly thing but do no damage.
The red ugly thing is heavily wounded.
The red ugly thing claws you.
* * * LOW HITPOINT WARNING * * *
You are engulfed in flames!
You die...

########### #.........#
##.#######.# ##..# #.#
##...##### #.#
####..))[...###[#
##.###JJo[.......#
##.."###u####.##### ##
###### #(....##@# #.# #.
.....# ##...###.####.# #.
#.##.# ##........##.####
#.
#.##.######..###.#.##....#
#.
#.##.............#.#####.#
#. ..##.######..#####.#
#.# #. .###.# ##...## #.#
#.# #. .###.#
##.....####.#####.# ##
..##.###...........##.##.#


You could see a red ugly thing, a large slime creature, a slime creature and an
orc warrior.

Vanquished Creatures
  Josephine (D:10)
  An unseen horror (D:10)
  A hill giant (D:11)
  2 ugly things (D:11)
  The ghost of barb4r1an the Skirmisher, a novice HOFi (D:4)
  A kobold demonologist (D:11)
  The ghost of barb4r1an the Cudgeler, an amateur DDFi (D:5)
  4 trolls
  Grinder (D:4)
  A two-headed ogre (D:11)
  A slime creature (D:11)
  4 wraiths (D:10)
  28 yaks
  Grum (D:8)
  3 hungry ghosts
  Menkaure (D:7)
  Duvessa (D:4)
  2 water moccasins
  3 ice beasts
  A wasp (D:11)
  6 sky beasts
  12 orc warriors
  3 wolves
  4 ogres
  3 centaurs
  A phantom (D:6)
  8 big kobolds
  5 giant frogs
  3 gnoll sergeants (D:10)
  Dowan (D:4)
  3 scorpions
  A water moccasin skeleton (D:8)
  4 killer bees (D:9)
  3 spriggan skeletons (D:9)
  6 electric eels
  7 wights
  A howler monkey (D:11)
  2 centaur zombies
  2 crimson imps
  4 giant frog zombies
  7 orc priests
  14 hounds
  6 centaur skeletons
  Crazy Yiuf (D:3)
  A giant frog skeleton (D:11)
  3 jellies
  6 iguanas
  13 orc wizards
  6 worker ants
  A killer bee zombie (D:9)
  A hound zombie (D:9)
  2 hound skeletons
  2 worker ant zombies
  3 gnolls (D:10)
  12 adders
  3 adder zombies
  3 worms
  3 dart slugs
  9 giant geckos
  62 orcs
  4 giant cockroaches
  2 goblins
  9 hobgoblins
  4 jackals
  13 kobolds
  4 quokkas
  2 ball pythons
  11 bats
  2 giant gecko zombies (D:5)
  3 giant newts
  A jackal skeleton (D:9)
  A jackal zombie (D:6)
  A quokka skeleton (D:5)
  A quokka zombie (D:5)
  3 rats
357 creatures vanquished.

Vanquished Creatures (others)
  Maurice (D:11)
  A troll (D:8)
  An adder (D:10)
  A jackal (D:10)
4 creatures vanquished.

Grand Total: 361 creatures vanquished

Notes
Turn   | Place    | Note
--------------------------------------------------------------
     0 | D:1      | Zhenya25pyc the Gargoyle Fighter began the quest for the Orb.
     0 | D:1      | Reached XP level 1. HP: 14/14 MP: 1/1
    55 | D:1      | Reached XP level 2. HP: 8/19 MP: 2/2
   351 | D:1      | Reached XP level 3. HP: 22/23 MP: 3/3
  1323 | D:3      | Reached skill level 3 in Maces & Flails
  1323 | D:3      | Reached XP level 4. HP: 27/29 MP: 1/4
  1505 | D:3      | Noticed Crazy Yiuf
  1520 | D:3      | Killed Crazy Yiuf
  1520 | D:3      | Reached XP level 5. HP: 20/33 MP: 1/5
  1755 | D:3      | Found an opulent altar of Gozag.
  1969 | D:3      | Found a shadowy altar of Dithmenos.
  1994 | D:3      | Found a deep blue altar of Sif Muna.
  1995 | D:3      | Found an ancient bone altar of Kikubaaqudgha.
  1996 | D:3      | Found a radiant altar of Vehumet.
  2220 | D:4      | Noticed barb4r1an's ghost (novice HOFi)
  2403 | D:4      | Reached skill level 4 in Maces & Flails
  2475 | D:4      | Noticed Grinder
  2486 | D:4      | Paralysed by Grinder for 7 turns
  2507 | D:4      | Paralysed by Grinder for 3 turns
  2515 | D:4      | Paralysed by Grinder for 5 turns
  2531 | D:4      | Killed Grinder
  2531 | D:4      | Reached XP level 6. HP: 29/39 MP: 2/6
  2644 | D:4      | Noticed Dowan
  2648 | D:4      | Noticed Duvessa
  2672 | D:4      | Killed Duvessa
  2672 | D:4      | Reached skill level 5 in Maces & Flails
  2672 | D:4      | Reached skill level 5 in Shields
  2672 | D:4      | Reached XP level 7. HP: 28/44 MP: 2/7
  2691 | D:4      | Killed Dowan
  2793 | D:4      | Found a white marble altar of Elyvilon.
  3000 | D:4      | Killed barb4r1an's ghost
  3000 | D:4      | Reached skill level 5 in Fighting
  3000 | D:4      | Reached skill level 6 in Maces & Flails
  3000 | D:4      | Reached skill level 5 in Armour
  3000 | D:4      | Reached XP level 8. HP: 40/49 MP: 2/8
  3248 | D:5      | Entered Level 5 of the Dungeon
  3265 | D:5      | Found a shattered altar of Ashenzari.
  3266 | D:5      | Noticed barb4r1an's ghost (amateur DDFi)
  3298 | D:5      | Killed barb4r1an's ghost
  3476 | D:5      | Found a staircase to the Ecumenical Temple.
  3491 | D:5      | Gained mutation: You are covered in fur (AC +1). [mutagenic meat]
  3492 | D:5      | Gained mutation: Your body sometimes deteriorates upon taking damage. [mutagenic meat]
  3498 | Temple   | Entered the Ecumenical Temple
  3558 | Temple   | Became a worshipper of Lugonu the Unformed
  3558 | Temple   | Reached * piety under Lugonu
  3662 | D:5      | Reached skill level 7 in Maces & Flails
  4024 | D:6      | Reached XP level 9. HP: 55/55 MP: 9/9
  4183 | D:6      | Found a stormy altar of Qazlal.
  4290 | D:6      | Reached ** piety under Lugonu
  4416 | D:6      | Found a deep blue altar of Sif Muna.
  4513 | D:6      | Reached skill level 1 in Invocations
  4565 | D:6      | Found a bloodstained altar of Trog.
  4898 | D:7      | Noticed Menkaure
  4901 | D:7      | Reached skill level 8 in Maces & Flails
  4913 | D:7      | Killed Menkaure
  5241 | D:7      | Found a snail-covered altar of Cheibriados.
  5242 | D:7      | Found a burning altar of Makhleb.
  5277 | D:7      | Reached *** piety under Lugonu
  5579 | D:8      | Gained mutation: Scrolls take you a little longer to read. [mutagenic meat]
  5580 | D:8      | Gained mutation: You are frail (-10% HP). [mutagenic meat]
  5581 | D:8      | Gained mutation: You expend magic power (3 MP) to strengthen your wands. [mutagenic meat]
  5582 | D:8      | Gained mutation: You are partially covered in large bone plates (AC +2, SH +2). [mutagenic meat]
  5828 | D:8      | Noticed a troll
  5863 | D:8      | Banished a troll
  6022 | D:8      | Reached XP level 10. HP: 43/56 MP: 12/12
  6298 | D:8      | Found a sacrificial altar of Ru.
  6309 | D:8      | Reached skill level 9 in Maces & Flails
  6314 | D:8      | Noticed Grum
  6349 | D:8      | Killed Grum
  7443 | D:9      | Reached **** piety under Lugonu
  7621 | D:9      | Reached skill level 10 in Maces & Flails
  7691 | D:9      | Reached XP level 11. HP: 40/61 MP: 14/14
  7822 | D:9      | Reached skill level 5 in Invocations
  8068 | D:9      | Reached ***** piety under Lugonu
  8247 | D:9      | HP: 2/62 [yak (7)]
  8581 | D:10     | Entered Level 10 of the Dungeon
  8596 | D:10     | Noticed Fannar
  8608 | D:10     | Banished Fannar
  8608 | D:10     | Reached skill level 11 in Maces & Flails
  8723 | D:10     | Gained mutation: You occasionally shout uncontrollably at your foes. [mutagenic meat]
  8887 | D:10     | Found a staircase to the Lair.
  9161 | D:10     | You fall through a shaft!
  9275 | D:10     | Found a staircase to the Orcish Mines.
  9760 | D:10     | Killed an unseen horror
  9875 | D:10     | Reached XP level 12. HP: 68/68 MP: 16/16
 10272 | D:10     | Noticed Josephine
 10294 | D:10     | Killed Josephine
 10294 | D:10     | Reached skill level 12 in Maces & Flails
 10553 | D:11     | Lost mutation: You expend magic power (3 MP) to strengthen your wands. [mutagenic meat]
 10909 | D:11     | Gained mutation: You are clumsy. (Dex -2) [mutagenic meat]
 10910 | D:11     | Gained mutation: You expend magic power (3 MP) to strengthen your wands. [mutagenic meat]
 11705 | D:12     | Noticed Maurice
 11725 | D:11     | Killed Maurice
 11752 | D:11     | Reached skill level 10 in Shields
 11818 | D:11     | Mangled by a red ugly thing

Vault maps used:
D:1:      lightli_arrival_statuegarden
D:2:      moated_statue, minmay_misc_feat_ornament
D:3:      grunt_temple_overflow_magic_moments, grunt_dithmenos_smoke,
          grunt_gozag_breadcrumbs, first_bread, uniq_crazy_yiuf_cottage
D:4:      kennysheep_mini, uniq_duvessa, uniq_menkaure, uniq_grinder
D:5:      lemuel_round_altar, minmay_temple_entry_statues_fountains,
          serial_undead, serial_undead_d, serial_undead_d, serial_undead_d,
          serial_undead_b, minmay_misc_feat_square
D:6:      bloody_trog, overflow_temple_1_default, led_sif_book
D:7:      grunt_temple_overflow_open, minmay_misc_feat_roman
D:8:      old_standard_altar, uniq_grum
D:9:      hangedman_tell_no_tales, hangedman_abyss_or_decor_stabs,
          grunt_ministairs_9
D:10:     erik_lair_island, kennysheep_orc_monster_closet_entryway, uniq_fannar,
          uniq_josephine
D:11:     kennysheep_opposing_triangles
D:12:     uniq_maurice
Temple:   corrupted_temple

Skill      XL: |  1  2  3  4  5  6  7  8  9 10 11 12 |
---------------+-------------------------------------+-----
Maces & Flails | 3 4 5 6 7 8 10 11 12 | 12.4
Shields        | 4 5 6 7 8 9 10 | 10.0
Armour         | 4 5 6 7 8 9 |  9.8
Fighting       | 4 5 6 7 8 9 |  9.9
Invocations    | 2 4 6 7 |  7.5

Action                   |  1- 3 |  4- 6 |  7- 9 | 10-12 || total
-------------------------+-------+-------+-------+-------++-------
Melee: Flail             |   113 |       |       |       ||   113
       Mace              |    23 |   159 |   600 |   278 ||  1060
       Morningstar       |       |       |       |  1011 ||  1011
Invok: Banish            |       |       |     1 |     3 ||     4
Evoke: Wand              |       |       |       |     3 ||     3
  Use: Potion            |       |       |       |     1 ||     1
       Scroll            |       |       |       |    18 ||    18
  Eat: Chunk             |     1 |     5 |    19 |    27 ||    52
       Meat ration       |       |       |       |     2 ||     2
       Royal jelly       |       |       |       |     1 ||     1
       Fruit             |       |       |       |     1 ||     1
       Beef jerky        |       |       |       |     1 ||     1
Armor: Scale mail        |    74 |    23 |       |       ||    97
       Chain mail        |       |    75 |   379 |   670 ||  1124
Dodge: Dodged            |    51 |    41 |   104 |   278 ||   474
Block: Shield            |    92 |    72 |   331 |   855 ||  1350
